 Dungeon Crawl Stone Soup version 0.18-a0-1639-g7533f42 (webtiles) character file.

90 dohliylev the Stinger (level 4, -1/24 HPs)
             Began as a Gargoyle Venom Mage on Mar 27, 2016.
             Slain by an iguana (4 damage)
             ... on level 3 of the Dungeon.
             The game lasted 00:17:59 (1880 turns).

dohliylev the Stinger (Gargoyle Venom Mage)         Turns: 1880, Time: 00:17:59

Health: -1/24      AC:  7    Str: 11    XL:     4   Next: 56%
Magic:  0/7        EV: 13    Int: 21    God:
Gold:   82         SH:  0    Dex: 10    Spells: 2 memorised, 3 levels left

rFire  . . .     SeeInvis .     n - +0 quarterstaff
rCold  . . .     Gourm    .     a - +0 robe
rNeg   + . .     Faith    .     (shield currently unavailable)
rPois  ∞         Spirit   .     f - +1 helmet
rElec  +         Dismiss  .     (no cloak)
rCorr  .         Reflect  .     (no gloves)
SustAt .         Harm     .     (no boots)
MR     .....                    (no amulet)
Stlth  ++........               u - +4 ring of intelligence
                                k - +1 ring of evasion

@: about to teleport, very slightly contaminated, not resistant to hostile
enchantments, unstealthy
A: negative energy resistance 1, electricity resistance, unbreathing,
petrification resistance, rot immunity, AC +3
a: no special abilities


You were on level 3 of the Dungeon.
You were hungry.

You visited 1 branch of the dungeon, and saw 5 of its levels.

You collected 82 gold pieces.

Inventory:

Hand Weapons
 n - a +0 quarterstaff (weapon)
Armour
 a - a +0 robe (worn)
 f - a +1 helmet (worn)
Jewellery
 k - a +1 ring of evasion (left hand)
 u - a +4 ring of intelligence (right hand)
Scrolls
 g - a scroll of fog
 j - a scroll of random uselessness {unknown}
 o - a scroll of enchant armour {unknown}
 p - a scroll of remove curse {unknown}
 q - a scroll of enchant weapon {unknown}
 t - a scroll of fear {unknown}
Potions
 d - 5 potions of agility
 m - 2 potions of curing {unknown}
 r - a potion of haste {unknown}
Books
 b - a Young Poisoner's Handbook

   Spells                             Type                      Level
   a - Sting                          Conjuration/Poison           1
   b - Cure Poison                    Poison                       2
   c - Mephitic Cloud                 Conjuration/Poison/Air       3
   d - Olgreb's Toxic Radiance        Poison                       4
   e - Venom Bolt                     Conjuration/Poison           5
Comestibles
 c - 2 bread rations
 i - a meat ration
 l - 10 fruits
 s - 3 chunks of flesh


   Skills:
 + Level 0.2 Fighting
 - Level 1.5 Dodging
 - Level 2.1 Stealth
 + Level 2.4 Spellcasting
 + Level 1.3 Conjurations
 + Level 5.3 Poison Magic


You had 3 spell levels left.
You knew the following spells:

 Your Spells              Type           Power        Failure   Level  Hunger
a - Sting                 Conj/Pois      ###.         4%          1    None
b - Mephitic Cloud        Conj/Pois/Air  ##......     21%         3    ###....


Dungeon Overview and Level Annotations

Branches:
Dungeon (5/15)
 Temple: D:4-7

Altars:

Annotations:
D:2 Ijyb, Sigmund


Innate Abilities, Weirdness & Mutations

You are resistant to torment.
Your stone body is resilient (AC +3).
You are immune to poison.
You resist negative energy.
You are resistant to electric shocks.
You can survive without breathing.
You are immune to petrification.
You are immune to rotting.


Message History

Casting: Mephitic Cloud
Confirm with . or Enter, or press ? or * to list all spells.
Okay, then.
As you read the scroll labeled ZOSOCV OMIABUTH, it crumbles to dust.
The scroll dissolves into smoke.
It was a scroll of fog.
The orc closely misses you.
The iguana hisses menacingly.
The iguana barely misses you.
As you read the scroll labeled COROTR KUNAI, it crumbles to dust.
It is a scroll of identify.
Identify which item? (\ to view known items) (? for menu, Esc to quit)
h - a scroll of teleportation The orc hits you but does no damage.
The iguana completely misses you.
As you read the scroll of teleportation, it crumbles to dust.
You feel strangely unstable. The iguana bites you!
* * * LOW HITPOINT WARNING * * *
The orc hits you with a whip.
* * * LOW HITPOINT WARNING * * *
The orc barely misses you. The iguana bites you.
You die...

##### #####
#§§o
......###o#
.......§l@#
#####.#####
#


You could see an iguana and an orc.

Vanquished Creatures
  2 worker ants
  A gnoll (D:4)
  2 adders
  An orc (D:4)
  2 bats (D:1)
  3 goblins (D:1)
  3 hobgoblins
  4 rats
18 creatures vanquished.

Notes
Turn   | Place    | Note
--------------------------------------------------------------
     0 | D:1      | dohliylev the Gargoyle Venom Mage began the quest for the Orb.
     0 | D:1      | Reached XP level 1. HP: 10/10 MP: 3/3
   742 | D:1      | Reached XP level 2. HP: 15/15 MP: 1/5
   820 | D:1      | You fall through a shaft!
   938 | D:2      | Noticed Ijyb
   999 | D:2      | Noticed Sigmund
  1115 | D:3      | Reached XP level 3. HP: 10/19 MP: 0/6
  1569 | D:5      | Entered Level 5 of the Dungeon
  1585 | D:5      | Learned a level 3 spell: Mephitic Cloud
  1591 | D:5      | Reached skill level 5 in Poison Magic
  1651 | D:4      | Reached XP level 4. HP: 24/24 MP: 1/7
  1757 | D:4      | Reached skill level 1 in Conjurations
  1880 | D:3      | Slain by an iguana

Vault maps used:
D:1:      dpeg_arrival_connections
D:2:      lemuel_old_faithful, uniq_sigmund, uniq_iyjb, uniq_terence
D:3:      first_bread, uniq_grinder, uniq_natasha
D:4:      minmay_temple_entry_grid, bh_chokoban, grunt_decor_mini_mirrors,
          grunt_decor_one_mirror
D:5:      nicolae_ru_great_annihilating_truth

Skill      XL: |  1  2  3  4 |
---------------+-------------+-----
Poison Magic   | 5 |  5.3
Conjurations   | 1 |  1.3
Fighting       | |  0.2
Dodging        | |  1.5
Stealth        | |  2.1
Spellcasting   | |  2.4

Action                   |  1- 3 |  4- 6 || total
-------------------------+-------+-------++-------
Melee: Club              |    11 |       ||    11
       Unarmed           |     1 |       ||     1
       Quarterstaff      |    10 |       ||    10
 Cast: Sting             |    40 |     7 ||    47
  Use: Scroll            |       |     3 ||     3
  Eat: Chunk             |     3 |       ||     3
